 Dungeon Crawl Stone Soup version 0.14-a0-445-g388476e (webtiles) character file.

271 Rycklaryybbe the Insei (level 4, 0/34 HPs)
             Began as a Vampire Monk on Oct 30, 2013.
             Was a Believer of Ashenzari.
             Slain by Purgy (4 damage)
             ... on Level 3 of the Dungeon.
             The game lasted 00:05:04 (1341 turns).

Rycklaryybbe the Insei (Vampire Monk)               Turns: 1341, Time: 00:05:04

HP   0/34        AC  4     Str 10      XL: 4   Next: 97%
MP   4/4         EV 14     Int 12      God: Ashenzari [**....]
Gold 136         SH  0     Dex 17      Spells:  0 memorised,  3 levels left

Res.Fire  : + . .   See Invis. : +   k - +0 short sword
Res.Cold  : + . .   Warding    : .   a - +0 robe
Life Prot.: . . .   Conserve   : .   (no shield)
Res.Poison: +       Res.Corr.  : .   (no helmet)
Res.Elec. : +       Clarity    : .   j - +0 cloak
Sust.Abil.: . .     Spirit.Shd : .   m - +0 pair of gloves
Res.Mut.  : .       Stasis     : .   (no boots)
Res.Rott. : .       Flight     : .   (no amulet)
Saprovore : . . .                    (no ring)
                                     (no ring)

@: regenerating quickly, slightly resistant to hostile enchantments, quite
stealthy
A: fangs 3, see invisible, unbreathing
a: Renounce Religion


You were on level 3 of the Dungeon.
You worshipped Ashenzari.
Ashenzari was pleased with you.
You were full.

You visited 1 branch of the dungeon, and saw 3 of its levels.

You collected 136 gold pieces.

Inventory:

Hand weapons
 k - a +0,+0 short sword (weapon)
 q - a +0,+1 orcish falchion
Armour
 a - a +0 robe (worn)
 j - a +0 cloak (worn)
 m - a +0 pair of gloves (worn)
Scrolls
 d - a scroll of blinking {unknown}
 e - 2 scrolls of amnesia {unknown}
 g - 2 scrolls of identify {unknown}
 l - 3 scrolls of recharging {unknown}
 n - a scroll of curse armour
 p - a scroll of enchant weapon I {unknown}
 s - a scroll of teleportation {unknown}
 u - a scroll of enchant weapon II {unknown}
Jewellery
 t - an uncursed amulet of resist mutation {unknown}
Potions
 b - a potion of blood
 c - a potion of curing
 i - a potion of restore abilities {unknown}
 o - a potion of slowing {unknown}


   Skills:
 - Level 2.8 Fighting
 + Level 1.0 Short Blades
 - Level 3.2 Long Blades
 - Level 3.4 Dodging
 - Level 4.0 Stealth
 - Level 5.1 Unarmed Combat


You had 3 spell levels left.
You didn't know any spells.

Dungeon Overview and Level Annotations

Branches:
Dungeon (3/27)

Altars:
Ashenzari

Annotations:
D:3 Purgy


Innate Abilities, Weirdness & Mutations

Your natural rate of healing is unusually fast.
You have razor-sharp teeth.*
You have supernaturally acute eyesight.
You can survive without breathing.*


Message History

You hit Purgy.
Purgy is lightly wounded.
Purgy closely misses you. Purgy claws you. Purgy completely misses you.
You hit Purgy.
Purgy is lightly wounded.
Purgy barely misses you. Purgy claws you.
* * * LOW HITPOINT WARNING * * *
Purgy barely misses you.
You are too injured to fight recklessly!
You are too injured to fight recklessly!
Drink which item? (? for menu, Esc to quit)
You feel protected.
It was a potion of resistance.
Purgy barely misses you. Purgy closely misses you. Purgy misses you.
You completely miss Purgy. Your bite misses Purgy.
Purgy is lightly wounded.
Purgy bites you.
* * * LOW HITPOINT WARNING * * *
Purgy barely misses you. Purgy claws you.
You die...

####.###......#####.#
#........###...$.(...
#.##.######..######.#
#.##.# *#...## #.##.#
#.....#
#.##.#####...# *
#.##.........#
#.##T.#####.##
#.##@## #. ###...##
**+* ##⌠..)⌠## ,
#.......# #.<.⌠.>.# ,
* #.......#
*,##⌠.<.⌠##, ,
##...## , * #####* ,
*


You could see Purgy.

Vanquished Creatures
  Sigmund (D:3)
  2 adders (D:3)
  An ooze (D:1)
  A ball python (D:2)
  3 bats
  3 giant cockroaches
  4 goblins
  9 hobgoblins
  3 jackals (D:1)
  4 kobolds
  A giant gecko (D:1)
  2 giant newts (D:1)
  7 rats
41 creatures vanquished.

Notes
Turn   | Place    | Note
--------------------------------------------------------------
     0 | D:1      | Rycklaryybbe, the Vampire Monk, began the quest for the Orb.
     0 | D:1      | Reached XP level 1. HP: 16/16 MP: 1/1
   161 | D:1      | Found a shattered altar of Ashenzari.
   228 | D:1      | Reached XP level 2. HP: 22/22 MP: 2/2
   305 | D:1      | Became a worshipper of Ashenzari the Shackled
   305 | D:1      | Acquired Ashenzari's first power
   395 | D:1      | Reached skill level 5 in Unarmed Combat
   614 | D:1      | Reached XP level 3. HP: 28/28 MP: 3/3
   973 | D:2      | Reached skill level 1 in Short Blades
  1211 | D:3      | Reached skill level 1 in Long Blades
  1221 | D:3      | Noticed Sigmund
  1230 | D:2      | HP: 1/28 [poisoned by an adder]
  1267 | D:3      | Killed Sigmund
  1267 | D:3      | Reached XP level 4. HP: 15/34 MP: 4/4
  1277 | D:3      | Noticed Purgy
  1341 | D:3      | Slain by Purgy

Action                   |  1- 3 |  4- 6 || total
-------------------------+-------+-------++-------
Melee: Unarmed           |    89 |       ||    89
       Short sword       |    62 |    13 ||    75
       Falchion          |    35 |       ||    35
  Use: Potion            |     3 |     1 ||     4
 Stab: Sleeping          |     8 |       ||     8
